 Dungeon Crawl Stone Soup version 0.29-a0-509-g793eeb5391 (webtiles) character file.

Game seed: 5428436492436411319

212299 Numlok the Demonic Blade (level 18, -10/142 HPs)
             Began as a Demonspawn Delver on May 29, 2022.
             Was the Champion of Okawaru.
             Killed from afar by a deep elf annihilator (65 damage)
             ... with an iron shot
             ... on level 3 of the Elven Halls.
             The game lasted 01:20:12 (35441 turns).

Numlok the Demonic Blade (Demonspawn Delver)       Turns: 35441, Time: 01:20:13

Health: -10/142    AC: 30    Str: 21    XL:     18   Next: 24%
Magic:  0/29       EV: 16    Int:  9    God:    Okawaru [******]
Gold:   1271       SH:  5    Dex: 21    Spells: 17/17 levels left

rFire   + . .      SeeInvis +   V - +8 triple sword of Cost {flame, +Blink rElec rC- Dex+4, rare}
rCold   + + +      Faith    .   (shield currently unavailable)
rNeg    + . .      Spirit   .   q - +6 storm dragon scales "Jutogy" {rElec rCorr Dex+3, rare}
rPois   +          Reflect  +   (helmet unavailable)
rElec   +          Harm     .   F - scarf {rC+ rF+}
rCorr   +          Rampage  .   o - +3 Mad Mage's Maulers {Infuse+∞ RegenMP Int-3}
Will    +++..      Rage     1%  t - +2 pair of boots
Stlth   ..........              Q - amulet of reflection
HPRegen 1.33/turn               W - ring of Royalty {Wiz rC+++ Will+}
MPRegen 0.61/turn               u - ring "Hurra" {rPois rN+}

@: about to teleport, corroded
A: antennae 3, icy blue scales 2, ignite blood 2, powered by death 3, demonic
willpower, talons 1, berserk 1, MP-powered wands
}: 1/15 runes: barnacled
a: Renounce Religion, Evoke Blink, Heroism, Finesse, Duel


You were on level 3 of the Elven Halls.
You worshipped Okawaru.
Okawaru was exalted by your worship.
You visited 6 branches of the dungeon, and saw 30 of its levels.
You visited 1 bazaar.
You also visited: Bailey and Ice Cave.

You collected 3381 gold pieces.
You spent 2110 gold pieces at shops.


Innate Abilities, Weirdness & Mutations

You have a pair of large antennae on your head. (SInv)
You are mostly covered in icy blue scales. (AC +3)
Your demonic aura often causes spilled blood to erupt in flames.
You regenerate a lot of health from kills.
You punish those that try to bend your will. (Will+)
You have sharp toenails.
You tend to lose your temper in combat.
You expend magic power (3 MP) to strengthen your wands.


   Skills:
 + Level 12.6 Fighting
 - Level 22.0 Long Blades
 - Level 15.0 Armour
 + Level 12.2 Dodging
 - Level 4.5 Stealth
 + Level 15.5 Invocations


You had 17 spell levels left.
You didn't know any spells.
Your spell library contained the following spells:

 Spells                   Type           Power      Damage    Failure   Level
 Apportation              Tloc           0%         N/A       58%         1
 Beastly Appendage        Tmut           0%         N/A       58%         1
 Foxfire                  Conj/Fire      0%         2x1d4     58%         1
 Magic Dart               Conj           0%         1d3       58%         1
 Necrotize                Necr           0%         1d4       58%         1
 Sandblast                Erth           0%         2d4       58%         1
 Slow                     Hex            0%         N/A       58%         1
 Ensorcelled Hibernation  Hex/Ice        0%         N/A       73%         2
 Passwall                 Tmut/Erth      0%         N/A       73%         2
 Sublimation of Blood     Necr           0%         N/A       73%         2
 Wereblood                Tmut           0%         N/A       73%         2
 Confusing Touch          Hex            0%         N/A       91%         3
 Inner Flame              Hex/Fire       0%         N/A       91%         3
 Spider Form              Tmut/Pois      0%         N/A       91%         3
 Stone Arrow              Conj/Erth      0%         3d7       91%         3
 Vampiric Draining        Necr           0%         2d6       91%         3
 Airstrike                Air            0%         N/A       100%        4
 Anguish                  Hex/Necr       0%         N/A       100%        4
 Hailstorm                Conj/Ice       0%         3d3       100%        4
 Ice Form                 Ice/Tmut       0%         N/A       100%        4
 Passage of Golubria      Tloc           0%         N/A       100%        4
 Petrify                  Tmut/Erth      0%         N/A       100%        4
 Agony                    Necr           0%         N/A       100%        5
 Irradiate                Conj/Tmut      0%         3d13      100%        5
 Lightning Bolt           Conj/Air       0%         1d11      100%        5
 Silence                  Hex/Air        0%         N/A       100%        5
 Conjure Ball Lightning   Conj/Air       0%         3x3d6     100%        6
 Enfeeble                 Hex            0%         N/A       100%        7
 Orb of Destruction       Conj           0%         9d5       100%        7
 Lehudib's Crystal Spear  Conj/Erth      0%         10d2      100%        8
 Summon Small Mammal      Summ           Unusable   N/A       N/A         1
 Summon Lightning Spire   Summ/Air       Unusable   N/A       N/A         4
 Simulacrum               Ice/Necr       Unusable   N/A       N/A         6

Inventory:

Hand Weapons
 V - the +8 triple sword of Cost (weapon) {flame, +Blink rElec rC- Dex+4, rare}
   (Okawaru gifted it to you on level 10 of the Dungeon)

   It burns those it strikes, dealing additional fire damage.
   Big, fiery blades are also staple armaments of hydra-hunters.
   Dex:       It affects your dexterity (+4).
   rC:        It makes you vulnerable to cold.
   rElec:     It insulates you from electricity.
   +Blink:    It lets you blink.
Missiles
 h - 925 stones (quivered)
Armour
 o - the +3 Mad Mage's Maulers (worn) {Infuse+∞ RegenMP Int-3}
   (Okawaru gifted it to you on level 2 of the Lair of Beasts)

   It empowers its wearer's blows with all of their magic.
   It causes its wearer's magical reserves to regenerate more quickly.
   Int:       It affects your intelligence (-3).
 q - the +6 storm dragon scales "Jutogy" (worn) {rElec rCorr Dex+3, rare}
   (Okawaru gifted it to you on level 13 of the Dungeon)

   Dex:       It affects your dexterity (+3).
   rElec:     It insulates you from electricity.
   rCorr:     It protects you from acid and corrosion.
 s - the +0 cloak of Kaliq {Int+4 Dex+5}
   (Okawaru gifted it to you on level 3 of the Elven Halls)

   Int:       It affects your intelligence (+4).
   Dex:       It affects your dexterity (+5).
 t - a +2 pair of boots (worn)
   (You found it on level 2 of the Dungeon)
 F - a scarf of resistance (worn)
   (You found it in an ice cave)
 K - a +2 pair of gloves of strength
   (Okawaru gifted it to you on level 2 of the Orcish Mines)
 U - the +4 swamp dragon scales "Upruq" {rPois Int+2}
   (Okawaru gifted it to you on level 2 of the Elven Halls)

   Int:       It affects your intelligence (+2).
   rPois:     It protects you from poison.
Jewellery
 u - the ring "Hurra" (right hand) {rPois rN+}
   (You bought it in a shop in a bazaar)

   [ring of poison resistance]

   rPois:     It protects you from poison.
   rN:        It protects you from negative energy.
 Q - an amulet of reflection (around neck)
   (You found it on level 6 of the Lair of Beasts)
 W - the ring of Royalty (left hand) {Wiz rC+++ Will+}
   (You acquired it on level 1 of the Elven Halls)

   [ring of wizardry]

   It improves your spell success rate.
   rC:        It renders you almost immune to cold.
   Will:      It increases your willpower.
Wands
 b - a wand of polymorph (6)
   (You found it on level 1 of the Lair of Beasts)
 c - a wand of paralysis (9)
   (You found it on level 3 of the Lair of Beasts)
 g - a wand of digging (11)
 n - a wand of acid (8)
   (You found it on level 6 of the Lair of Beasts)
 A - a wand of iceblast (37)
   (You found it on level 8 of the Dungeon)
 D - a wand of mindburst (13)
   (You found it on level 4 of the Dungeon)
 N - a wand of flame (42)
   (You took it off Blork the orc on level 5 of the Dungeon)
Scrolls
 d - 2 scrolls of magic mapping {!r}
 e - 4 scrolls of fear
 l - 3 scrolls of brand weapon
 p - 6 scrolls of vulnerability {!r!r}
 v - 5 scrolls of fog
 B - 8 scrolls of teleportation {@r4}
 G - 5 scrolls of blinking {!r}
 H - 4 scrolls of torment {!r}
 I - 11 scrolls of identify {@r1}
 R - 7 scrolls of poison {!r}
 T - 6 scrolls of immolation {!r!r}
 Z - a scroll of enchant armour
Potions
 a - 2 potions of resistance
 f - 9 potions of haste {@q3}
 j - 16 potions of flight
 k - 2 potions of attraction {!q}
 m - 6 potions of heal wounds {@q2}
 r - 3 potions of cancellation
 w - 10 potions of curing {@q1}
 y - 6 potions of lignification {!q}
 z - 6 potions of brilliance
 J - 2 potions of invisibility
 L - 2 potions of magic
 S - 2 potions of might
 Y - a potion of ambrosia
Miscellaneous
 i - a tin of tremorstones (2/2)
   (You found it on level 2 of the Lair of Beasts)
 x - a phial of floods
   (You found it on level 6 of the Lair of Beasts)
 M - a condenser vane (inert)
   (You found it on level 6 of the Lair of Beasts)
 X - a lightning rod (4/4)
   (You found it in a bailey)

Dungeon Overview and Level Annotations

Branches:
Dungeon (15/15)            Temple (1/1) D:5            Lair (6/6) D:8
 Shoals (4/4) Lair:4       Spider (0/4) Lair:4        Slime (0/5) Lair:5
    Orc (2/2) D:12            Elf (3/3) Orc:2        Vaults (0/5) D:13
 Depths (0/4) D:15         Bailey (visited)           IceCv (visited)

Altars:
Ashenzari
Cheibriados
Dithmenos
Elyvilon
Fedhas
Gozag
Hepliaklqana
Kikubaaqudgha
Makhleb
Nemelex Xobeh
Okawaru
Qazlal
Ru
Sif Muna
Trog
Uskayaw
Vehumet
Wu Jian
Xom
Yredelemnul
Zin
The Shining One
Beogh
Jiyva

Shops:
D:6 =   D:15 !(   Orc:2 (*:*   Elf:1 *!?*   Elf:3 *

Portals:
Pandemonium: Orc:2

Annotations:
D:7 2 runed translucent doors, emergency's ghost, novice DsGl

##.###########.# #.# #.# #.# #.#
#.# #.# #.# #### #.#
#.######..E##§# #.......§§EEEE#
#..#####.)EEee## ##.#
#.eEee@.########### #.#
##e###E...........# ### #.#
############## * * #{# *** * ***
###)### ***,*** * ,,** ##..§§§##
**,,,,,**
,,,***###..§§§§.###***,,,{,,,***
,,,,,*#..§.§§§§...#*,,,,,,,,,,,*#
,,,,,*#..§§§§§§...#*,,,,,,,,,,,*#


You could see a deep elf master archer, a deep elf annihilator (empowered), a
deep elf death mage (empowered), a deep elf elementalist (empowered, repels
missiles), a deep elf high priest (brilliance aura), 9 earth elementals and a
deep elf zephyrmancer (empowered).


Message History

You regained 2 hp, and now have 61/142 hp. 😨 HP[+1] MP[+1]
You hear rumbling.
You hear a shout! x2 😨 HP[+1] MP[+1]
You hear rumbling. 😨 MP[+1]
The deep elf sorcerer hits you but does no damage. 😨 HP[+1] MP[+1]
You closely miss the deep elf sorcerer.
You block the deep elf sorcerer's attack.
You slice the deep elf sorcerer!! You burn the deep elf sorcerer!
The deep elf sorcerer hits you but does no damage. 😨 MP[-5]
You lost 5 mp, and now have 1/29 mp.
You carve the deep elf sorcerer like a ham!!!
You burn the deep elf sorcerer.
You kill the deep elf sorcerer!
Okawaru accepts your kill.
The deep elf sorcerer mumbles some strange words.
The deep elf sorcerer shimmers violently.
You hear rumbling.
You hear a shout! 😨 HP[+3] MP[-1]
You regained 3 hp, and now have 67/142 hp.
You lost 1 mp, and now have 0/29 mp.
You barely miss the deep elf sorcerer.
The deep elf sorcerer hits you but does no damage. 😨 HP[+2]
You regained 2 hp, and now have 69/142 hp.
You closely miss the deep elf sorcerer.
The deep elf sorcerer points at you and mumbles some strange words.
The bolt of acid misses you. 😨 HP[+1] MP[+1]
You slash the deep elf sorcerer! You burn the deep elf sorcerer.
The deep elf sorcerer hits you but does no damage. 😮 HP[+2] MP[-1]
You regained 2 hp, and now have 72/142 hp.
You lost 1 mp, and now have 0/29 mp.
You slice the deep elf sorcerer!! You burn the deep elf sorcerer.
The deep elf sorcerer hits you but does no damage. 😮 HP[+2] MP[+1]
You regained 2 hp, and now have 74/142 hp.
You barely miss the deep elf sorcerer.
The deep elf sorcerer gestures at you while chanting.
The bolt of acid hits you. You resist.
* * * LOW HITPOINT WARNING * * *
The acid corrodes you!
The deep elf sorcerer gestures at you while chanting.
The bolt of acid hits you!! You resist.
* * * LOW HITPOINT WARNING * * *
😨 HP[-22]
You take 22 damage, and now have 52/142 hp.
You slice the deep elf sorcerer!! You burn the deep elf sorcerer.
You kill the deep elf sorcerer!
Okawaru accepts your kill. 😨 HP[+2]
You regained 2 hp, and now have 54/142 hp.
You barely miss the earth elemental. 😨 HP[+2]
You regained 2 hp, and now have 56/142 hp.
You slash the earth elemental!
The earth elemental closely misses you. 😨 HP[+1] MP[-1]
You lost 1 mp, and now have 0/29 mp.
You hit the earth elemental but do no damage. 😨 HP[+2] MP[+1]
You regained 2 hp, and now have 59/142 hp.
You chop the earth elemental into pieces!!!
You destroy the earth elemental!
The earth elemental disappears in a puff of smoke! 😨 HP[+2] MP[-1]
You regained 2 hp, and now have 61/142 hp.
You lost 1 mp, and now have 0/29 mp.
You slash the earth elemental! 😨 HP[+1] MP[+1]
You slash the earth elemental!
The deep elf elementalist seems less brilliant.
The deep elf elementalist points at you and mumbles some strange words.
Some walls begin to move on their own!
The deep elf high priest utters an invocation to its god.
The deep elf high priest begins emitting a brilliant aura!
The deep elf annihilator is empowered by the deep elf high priest's aura!
The deep elf elementalist is empowered by the deep elf high priest's aura!
The deep elf death mage is empowered by the deep elf high priest's aura!
You hear a shout! x2 😨 HP[+2] MP[-1]
You regained 2 hp, and now have 64/142 hp.
You lost 1 mp, and now have 0/29 mp.
As you read the scroll of teleportation {@r4}, it crumbles to dust.
You feel strangely unstable.
The deep elf elementalist is no longer moving quickly.
The deep elf annihilator casts a spell at you.
The crystal spear hits you!
* * * LOW HITPOINT WARNING * * *
😨 HP[-10] MP[+1]
You take 10 damage, and now have 54/142 hp.
Unknown command.
You slash the deep elf annihilator! You burn the deep elf annihilator.
The deep elf annihilator is engulfed in blazing flames.
The deep elf annihilator gestures at you while chanting.
The iron shot hits you!!!
You die...

Skill      XL: |  1  2  3  4  5  6  7  8  9 10 11 12 13 14 15 16 17 18 |
---------------+-------------------------------------------------------+-----
Fighting       | 4 5 6 10 12 | 12.6
Dodging        | 2 3 6 7 9 10 11 12 | 12.2
Invocations    | 1 3 5 7 9 10 12 14 15 | 15.5
Armour         | 1 2 3 6 7 9 10 14 15 | 15.0
Long Blades    | 4 6 10 13 14 15 16 18 19 22 | 22.0
Stealth        | |  4.5

Action                   |  1- 3 |  4- 6 |  7- 9 | 10-12 | 13-15 | 16-18 || total
-------------------------+-------+-------+-------+-------+-------+-------++-------
Melee: Falchion          |    73 |   163 |   306 |   823 |       |       ||  1365
       Punch             |       |     1 |     7 |    15 |       |       ||    23
       Triple sword      |       |       |       |   110 |   840 |   767 ||  1717
Invok: Heroism           |       |     2 |     8 |     8 |     1 |     1 ||    20
       Finesse           |       |       |       |     4 |       |       ||     4
       Duel              |       |       |       |     2 |     1 |       ||     3
Evoke: Wand              |       |       |       |    12 |       |       ||    12
       Lightning rod     |       |       |       |     4 |       |       ||     4
       Condenser vane    |       |       |       |       |     1 |     2 ||     3
       Tin of tremorston |       |       |       |       |     1 |       ||     1
  Use: Scroll            |     5 |     3 |     6 |    13 |     4 |     9 ||    40
       Potion            |       |     2 |     1 |     6 |     3 |    16 ||    28
 Stab: Sleeping          |     8 |     5 |     2 |     5 |    10 |       ||    30
       Distracted        |     1 |       |       |       |       |       ||     1
       Paralysed         |       |       |       |     4 |       |       ||     4
Armor: Leather armour    |    20 |    69 |    93 |    26 |       |       ||   208
       Skin              |       |       |    11 |       |       |       ||    11
       Troll leather arm |       |       |       |   178 |       |       ||   178
       Steam dragon scal |       |       |       |    33 |    75 |       ||   108
       Plate armour      |       |       |       |       |   110 |       ||   110
       Storm dragon scal |       |       |       |       |   172 |   480 ||   652
Dodge: Dodged            |    41 |   142 |   167 |   938 |   752 |   511 ||  2551
       Repelled          |       |       |       |     5 |     8 |       ||    13
Block: Other             |       |       |       |       |   156 |   162 ||   318
       Reflection        |       |       |       |       |     4 |    33 ||    37

Levels and vault maps discovered:
D:2:      layout_loops_ring, basic_altar,
          dreamdust_ecumenical_altar_hidden_monk_grotto
D:3:      layout_basic
D:4:      layout_loops_ring, kennysheep_generic_room_2
D:5:      layout_basic, minmay_temple_entry_mini_moons, uniq_edmund,
          uniq_prince_ribbit1, uniq_blork_the_orc
D:6:      layout_basic, kiku_gazebo_pond_becter, serial_shops,
          nicolae_lakefront_shop, solitary_fountain, grunt_ministairs_3,
          uniq_eustachio, uniq_sigmund
D:7:      layout_basic, ebering_ghost_disaster_area, grunt_decor_arrowhead,
          uniq_menkaure
D:8:      layout_rooms, erik_lair_island, gammafunk_ghost_berserking_beasts
D:9:      layout_basic
D:10:     layout_gridville, enter_bailey_2, chequers_serial_rivers_small_3
D:11:     layout_loops_ring, uniq_fannar
D:12:     minmay_the_grid_square_5x5_4x4_mashed
          [minmay_the_grid_square_5x5_fat_x,
          minmay_the_grid_square_5x5_three_walls,
          minmay_the_grid_square_5x5_seven, minmay_the_grid_square_5x5_spiral,
          minmay_the_grid_square_5x5_v,
          minmay_the_grid_square_5x5_prize_monsterx,
          minmay_the_grid_square_5x5_prize_itemx,
          minmay_the_grid_square_5x5_tie, minmay_the_grid_square_5x5_n,
          minmay_the_grid_square_5x5_prize_open,
          minmay_the_grid_square_5x5_prize_junk,
          minmay_the_grid_square_5x5_shrine1,
          minmay_the_grid_square_5x5_dogpile, minmay_the_grid_square_5x5_empty,
          minmay_the_grid_square_5x5_comb, minmay_the_grid_square_5x5_inner_v],
          layout_cave_pools, orc_0_dummy, minmay_misc_feat_tower, uniq_frances
D:13:     layout_cave_pods, david_vaults_2, portal_ice_cave_entry_pillars_2,
          uniq_josephine
D:14:     layout_cave_pools, nrook_loot_triangle
D:15:     gammafunk_depths_entry_grave, layout_long_grid, serial_shops,
          nicolae_shop_bloodbath_and_beyond, shop, nicolae_underground_beach
Temple:   mainiacjoe_temple_circle_huts
Lair:1:   layout_long_grid, fungi_pond_lemuel, serial_bayou_lake_a,
          grunt_megastairs_5, uniq_maggie
Lair:2:   layout_misc_corridors, cheibrodos_lair_reptile_den,
          serial_bayou_shore_a
Lair:3:   layout_chaotic_city, uniq_amaemon
Lair:4:   layout_regular_city, elwin_shoals_entry_rocks,
          spider_nest_entry_web_field, beast_lair_carwin_9, lemuel_fruit_tree,
          uniq_sonja
Lair:5:   layout_cave_pods, slime_altar_1, grunt_megastairs_4
Lair:6:   due_jungle_book, layout_regular_city, basic_altar
Shoals:1: nicolae_shoals_lighthouse, layout_shoals, wheals_shoals_ruined_temple
Shoals:2: layout_shoals, nicolae_shoals_goliath_grotto
Shoals:3: layout_shoals, gammafunk_ghost_wrathful_warriors, serial_shops, shop
Shoals:4: shoals_end_hellmonk_storm_palace [storm_palace_center_circular,
          storm_palace_corner_reverse_hut, storm_palace_corner_pillars,
          storm_palace_corner_narrow, storm_palace_corner_altar]
Orc:1:    layout_caves, special_room [special_room_orc]
Orc:2:    pf_orc_diabolical, layout_caves, basic_altar, serial_shops,
          nicolae_shop_statue_plus
Elf:1:    minmay_elf_arrival_summoners, layout_loops_corners,
          minmay_elf_annihilation, minmay_shoptagon
Elf:2:    elven_hall_of_blades_hangedman_original
          [nicolae_blade_entry_floor_patterns], layout_geoelf_octagon
Elf:3:    minmay_elf_hall_hex, layout_gridlike, serial_shops, bzr_entry_safe,
          basic_altar, guppyfry_elf_lava, uniq_donald

Notes
Turn   | Place    | Note
-------+----------+-------------------------------------------
     0 | D:5      | Numlok the Demonspawn Delver began the quest for the Orb.
     0 | D:5      | Reached XP level 1. HP: 18/18 MP: 1/1
     0 | D:5      | magus.rc [v1.11.3]
     9 | D:5      | Found a staircase to the Ecumenical Temple.
    18 | Temple   | Entered the Ecumenical Temple
   364 | Temple   | Became a worshipper of Warmaster Okawaru
   388 | D:5      | Noticed an iguana
   424 | D:4      | Noticed a hound
   432 | D:4      | HP: 2/18 [hound (4)]
   435 | D:4      | Killed a hound
   436 | D:4      | Reached skill level 4 in Fighting
   436 | D:4      | Gained mutation: You regenerate a little health from kills.
                  | [demonic ancestry]
   436 | D:4      | Reached XP level 2. HP: 1/25 MP: 2/2
   591 | D:4      | Reached XP level 3. HP: 18/30 MP: 3/3
  1547 | D:2      | HP: 8/32 [orc/+0 flail (5)]
  1802 | D:2      | Found a faded altar of an unknown god.
  1858 | D:2      | Reached XP level 4. HP: 38/38 MP: 4/4
  1873 | D:2      | Reached * piety under Okawaru
  1874 | D:2      | Reached skill level 5 in Fighting
  2844 | D:3      | Reached skill level 2 in Dodging
  3045 | D:3      | Reached skill level 1 in Invocations
  3214 | D:3      | Reached skill level 1 in Armour
  3232 | D:4      | Gained mutation: You are partially covered in icy blue
                  | scales. (AC +2) [demonic ancestry]
  3232 | D:4      | Reached XP level 5. HP: 30/44 MP: 6/6
  3335 | D:3      | Reached skill level 2 in Invocations
  3517 | D:4      | Noticed a black bear
  3532 | D:4      | Killed a black bear
  3533 | D:4      | Reached skill level 2 in Armour
  3533 | D:4      | Reached skill level 3 in Invocations
  4012 | D:4      | Gained mutation: You regenerate health from kills. [demonic
                  | ancestry]
  4012 | D:4      | Reached XP level 6. HP: 51/51 MP: 8/8
  4268 | D:4      | Reached skill level 2 in Long Blades
  4551 | D:5      | Reached skill level 3 in Long Blades
  4551 | D:5      | Reached skill level 4 in Invocations
  4757 | D:5      | You pick up a book of Geomancy and begin reading...
  4757 | D:5      | You add the spells Sandblast, Passwall and Stone Arrow to
                  | your library.
  4825 | D:5      | Reached ** piety under Okawaru
  4826 | D:5      | Reached skill level 4 in Long Blades
  4826 | D:5      | Reached skill level 5 in Invocations
  4826 | D:5      | Gained mutation: Your demonic aura sometimes causes spilled
                  | blood to erupt in flames. [demonic ancestry]
  4826 | D:5      | Reached XP level 7. HP: 34/56 MP: 7/10
  4944 | D:5      | Noticed Blork the orc
  4952 | D:5      | Killed Blork the orc
  4953 | D:5      | Reached skill level 5 in Long Blades
  5074 | D:5      | Reached skill level 6 in Invocations
  5580 | D:5      | Reached skill level 6 in Long Blades
  5737 | D:5      | Reached skill level 7 in Invocations
  5740 | D:5      | Noticed Edmund
  5742 | D:5      | Reached XP level 8. HP: 62/62 MP: 13/13
  5814 | D:5      | Killed Edmund
  5815 | D:5      | Reached skill level 7 in Long Blades
  5924 | D:5      | Noticed Prince Ribbit
  5950 | D:5      | Killed Prince Ribbit
  5951 | D:5      | Reached skill level 8 in Invocations
  6325 | D:6      | Noticed Eustachio
  6325 | D:6      | Noticed Sigmund
  6337 | D:6      | Found Uniem's Jewellery Shop.
  6390 | D:6      | Killed Eustachio
  6391 | D:6      | Reached skill level 8 in Long Blades
  6395 | D:6      | Killed Sigmund
  6396 | D:6      | Reached skill level 9 in Invocations
  6473 | D:6      | Reached *** piety under Okawaru
  6474 | D:6      | Reached skill level 9 in Long Blades
  6536 | D:6      | Reached skill level 10 in Long Blades
  6797 | D:6      | Found an ancient bone altar of Kikubaaqudgha.
  6910 | D:6      | Gained mutation: Your demonic aura often causes spilled
                  | blood to erupt in flames. [demonic ancestry]
  6910 | D:6      | Reached XP level 9. HP: 61/68 MP: 15/15
  7474 | D:7      | Reached skill level 11 in Long Blades
  7756 | D:7      | Found a large runed translucent door.
  7756 | D:7      | Found a large runed translucent door.
  7760 | D:7      | Noticed emergency's ghost (novice DsGl)
  7792 | D:7      | Noticed Menkaure
  7802 | D:7      | Killed Menkaure
  8522 | D:8      | Reached skill level 12 in Long Blades
  8547 | D:8      | Reached **** piety under Okawaru
  8617 | D:8      | Found a staircase to the Lair.
  8637 | D:8      | Noticed a troll
  8644 | D:8      | Reached skill level 13 in Long Blades
  8644 | D:8      | Reached skill level 3 in Dodging
  8673 | D:8      | Killed a troll
  8674 | D:8      | Reached skill level 3 in Armour
  8674 | D:8      | Reached XP level 10. HP: 51/74 MP: 16/16
  9035 | D:8      | Reached skill level 4 in Dodging
  9121 | D:8      | HP: 17/74 [electric eel/bolt of electricity (11)]
  9122 | D:8      | HP: 1/74 [electric eel/bolt of electricity (16)]
  9523 | D:8      | Found a transporter.
  9541 | D:8      | Noticed a moth of wrath
  9554 | D:8      | Found a transporter.
  9556 | D:8      | Noticed KristoblXynda's ghost (novice DrMo)
  9773 | D:8      | Reached skill level 4 in Armour
  9813 | D:8      | Killed KristoblXynda's ghost
  9814 | D:8      | Reached skill level 5 in Dodging
  9829 | D:8      | Killed a moth of wrath
  9829 | D:8      | Reached ***** piety under Okawaru
  9830 | D:8      | Reached skill level 5 in Armour
 10499 | D:9      | Identified the +3 mace "Ponk" {vorpal, rElec rC+ Will+
                  | rCorr Dex-2 Stlth+}
 10642 | D:9      | Noticed a two-headed ogre
 10651 | D:9      | Reached skill level 6 in Dodging
 10677 | D:9      | Killed a two-headed ogre
 10678 | D:9      | Reached skill level 6 in Armour
 10678 | D:9      | Reached skill level 6 in Fighting
 10922 | D:10     | Entered Level 10 of the Dungeon
 10975 | D:10     | Identified the +8 triple sword of Cost {flame, +Blink rElec
                  | rC- Dex+4} (Okawaru gifted it to you on level 10 of the
                  | Dungeon)
 10975 | D:10     | Received a gift from Okawaru
 10978 | D:10     | V - the +8 triple sword of Cost {flame, +Blink rElec rC-
                  | Dex+4, rare}
 10997 | D:10     | Gained mutation: You have a pair of small antennae on your
                  | head. [demonic ancestry]
 10997 | D:10     | Reached XP level 11. HP: 78/78 MP: 9/17
 11021 | D:10     | Reached skill level 7 in Fighting
 11070 | D:10     | Found a flagged portal.
 11079 | Bailey   | Entered a bailey
 11612 | D:10     | Identified the ring "Cuppoar" {Fire +Blink Str-5 Int+4
                  | SInv}
 12092 | D:11     | You pick up a book of Changes and begin reading...
 12092 | D:11     | You add the spells Beastly Appendage, Wereblood and Spider
                  | Form to your library.
 12126 | D:11     | Noticed a two-headed ogre
 12128 | D:11     | Noticed Fannar
 12131 | Arena    | Entered the Arena
 12147 | Arena    | Killed Fannar
 12148 | Arena    | Reached skill level 8 in Fighting
 12171 | D:11     | Killed a two-headed ogre
 12244 | D:11     | Paralysed by a hornet for 1 turns
 12248 | D:11     | Paralysed by a hornet for 2 turns
 12260 | D:11     | Paralysed by a hornet for 2 turns
 12263 | D:11     | HP: 21/87 [poisoned by a hornet]
 12379 | D:11     | Noticed a seven-headed hydra
 12389 | D:11     | Killed an 11-headed hydra
 12404 | D:11     | Reached skill level 9 in Fighting
 12415 | D:11     | Received a gift from Okawaru
 12429 | D:11     | a - a +3 quick blade {rare}
 12498 | D:11     | Noticed a two-headed ogre
 12537 | D:11     | Killed a two-headed ogre
 12538 | D:11     | Reached skill level 14 in Long Blades
 12980 | D:11     | You fall into a shaft and drop 1 floor!
 13022 | D:12     | Noticed a deep elf pyromancer
 13038 | D:12     | Killed a deep elf pyromancer
 13059 | D:12     | Noticed a brown ugly thing
 13060 | D:12     | Noticed a cyan ugly thing
 13060 | D:12     | Noticed a death knight
 13066 | D:12     | Reached skill level 10 in Fighting
 13066 | D:12     | Gained mutation: You have a pair of antennae on your head.
                  | [demonic ancestry]
 13066 | D:12     | Reached XP level 12. HP: 82/97 MP: 18/18
 13169 | D:12     | Noticed Frances
 13170 | Arena    | Entered the Arena
 13195 | Arena    | Killed Frances
 13296 | D:12     | Noticed a two-headed ogre
 13302 | D:12     | Reached skill level 15 in Long Blades
 13331 | D:11     | HP: 23/97 [vampire mosquito (5)]
 13339 | D:11     | HP: 19/97 [vampire mosquito (10)]
 13539 | Lair:1   | Entered Level 1 of the Lair of Beasts
 13539 | Lair:1   | Noticed Maggie
 13550 | Lair:1   | Killed Maggie
 13550 | Lair:1   | Received a gift from Okawaru
 13579 | Lair:1   | a - a +3 quick blade (weapon) {rare}
 13581 | Lair:1   | a - a +3 quick blade (weapon) {rare}
 13583 | Lair:1   | a - a +3 quick blade (weapon) {rare}
 13585 | Lair:1   | the +8 triple sword of Cost {flame, +Blink rElec rC- Dex+4,
                  | rare} bursts into flame!
 13585 | Lair:1   | V - the +8 triple sword of Cost (weapon) {flame, +Blink
                  | rElec rC- Dex+4, rare}
 13586 | Lair:1   | You drop a +3 quick blade {rare}.
 13935 | Lair:1   | Noticed a four-headed hydra
 13942 | Lair:1   | Killed a two-headed hydra
 13943 | Lair:1   | Identified the +3 great sword of Peace {vorpal, rC+}
                  | (Okawaru gifted it to you on level 1 of the Lair of Beasts)
 13943 | Lair:1   | Received a gift from Okawaru
 13966 | Lair:1   | You pick up a book of Debilitation and begin reading...
 13966 | Lair:1   | You add the spells Slow, Vampiric Draining and Confusing
                  | Touch to your library.
 13976 | Lair:1   | You pick up a book of Storms and begin reading...
 13976 | Lair:1   | You add the spells Airstrike and Lightning Bolt to your
                  | library.
 14316 | Lair:2   | Identified the +2 leather armour of the Hot Ocelot {Int+4}
 14385 | Lair:2   | Reached skill level 10 in Invocations
 14449 | Lair:2   | magus.rc [v1.11.3]
 14509 | Lair:2   | Reached skill level 7 in Armour
 14509 | Lair:2   | Reached skill level 7 in Dodging
 14842 | Lair:2   | Received a gift from Okawaru
 14842 | Lair:2   | Found the +3 Mad Mage's Maulers {Infuse+∞ RegenMP Int-3}
 15026 | Lair:2   | Gained mutation: You regenerate a lot of health from kills.
                  | [demonic ancestry]
 15026 | Lair:2   | Reached XP level 13. HP: 87/103 MP: 0/21
 15341 | Lair:2   | Gained mutation: You passively map a small area around you.
                  | [potion of mutation]
 15341 | Lair:2   | Gained mutation: You have sharp toenails. [potion of
                  | mutation]
 15342 | Lair:2   | Lost mutation: You have sharp toenails. [potion of
                  | mutation]
 15342 | Lair:2   | Lost mutation: You passively map a small area around you.
                  | [potion of mutation]
 15342 | Lair:2   | Gained mutation: Your flesh is cold resistant. (rC+)
                  | [potion of mutation]
 15524 | Lair:3   | Reached skill level 11 in Invocations
 16017 | Lair:3   | Reached skill level 8 in Dodging
 16084 | Lair:3   | Noticed Amaemon
 16085 | Arena    | Entered the Arena
 16091 | Arena    | Killed Amaemon
 16092 | Arena    | Reached skill level 8 in Armour
 16776 | Lair:4   | Noticed Sonja
 16786 | Lair:4   | Killed Sonja
 16787 | Lair:4   | Reached skill level 12 in Invocations
 16898 | Lair:4   | Reached skill level 16 in Long Blades
 16969 | Lair:4   | Found a staircase to the Shoals.
 17175 | Lair:4   | Reached skill level 9 in Dodging
 17178 | Lair:4   | Reached skill level 9 in Armour
 17321 | Lair:4   | Found a hole to the Spider Nest.
 17348 | Lair:4   | Reached ****** piety under Okawaru
 17510 | Lair:4   | Received a gift from Okawaru
 17519 | Lair:4   | K - a +2 triple sword of electrocution {rare}
 18197 | Lair:5   | You pick up a book of Dreams and begin reading...
 18197 | Lair:5   | You add the spells Ensorcelled Hibernation and Anguish to
                  | your library.
 18413 | Lair:5   | Found a staircase to the Slime Pits.
 18423 | Lair:5   | Found a viscous altar of Jiyva.
 18893 | Lair:5   | Gained mutation: You have a pair of large antennae on your
                  | head. (SInv) [demonic ancestry]
 18893 | Lair:5   | Reached XP level 14. HP: 110/110 MP: 0/23
 19111 | Lair:6   | Entered Level 6 of the Lair of Beasts
 19394 | Lair:6   | Found an ornate altar of the Wu Jian Council.
 19709 | Lair:6   | You pick up a book of Necromancy and begin reading...
 19709 | Lair:6   | You add the spells Necrotize and Agony to your library.
 19741 | Lair:6   | You pick up a book of the Moon and begin reading...
 19741 | Lair:6   | You add the spells Passage of Golubria, Silence and
                  | Lehudib's Crystal Spear to your library.
 19918 | Lair:6   | Identified the +5 plate armour "Kiashrin" {Dex+5} (Okawaru
                  | gifted it to you on level 6 of the Lair of Beasts)
 19918 | Lair:6   | Received a gift from Okawaru
 19978 | Lair:6   | Reached skill level 10 in Armour
 19978 | Lair:6   | Reached skill level 10 in Dodging
 19987 | Lair:6   | a - a +1 triple sword of draining {rare}
 20351 | Lair:6   | Reached skill level 17 in Long Blades
 21278 | D:12     | Paralysed by an ogre mage for 4 turns
 21353 | D:12     | Identified the +2 dagger of Tender Mercy {spect, MP+9 Int+8
                  | Dex-5} (Okawaru gifted it to you on level 12 of the
                  | Dungeon)
 21353 | D:12     | Received a gift from Okawaru
 21398 | D:12     | your +2 triple sword of electrocution {rare} glows red for
                  | a moment.
 21405 | D:12     | HP: 27/110 [mirror damage (10)]
 21407 | D:12     | Reached skill level 18 in Long Blades
 21648 | D:12     | Found a staircase to the Orcish Mines.
 21922 | D:12     | You pick up a book of Cantrips and begin reading...
 22459 | D:13     | Noticed Josephine
 22465 | D:13     | Killed Josephine
 22466 | D:13     | Reached XP level 15. HP: 115/115 MP: 1/24
 22484 | D:13     | Identified the +6 storm dragon scales "Jutogy" {rElec rCorr
                  | Dex+3} (Okawaru gifted it to you on level 13 of the
                  | Dungeon)
 22484 | D:13     | Received a gift from Okawaru
 22487 | D:13     | q - the +6 storm dragon scales "Jutogy" {rElec rCorr Dex+3,
                  | rare}
 22499 | D:13     | You finish putting on the +6 storm dragon scales "Jutogy"
                  | {rElec rCorr Dex+3, rare}.
 22499 | D:13     | You drop a +1 triple sword of draining {rare}.
 22500 | D:13     | You drop a +3 triple sword of electrocution {rare}.
 22504 | D:13     | the +5 plate armour "Kiashrin" {Dex+5}; a +3 triple sword
                  | of electrocution {rare}; a +1 triple sword of draining
                  | {rare}
 22526 | D:13     | Found a frozen archway.
 22541 | IceCv    | Entered an ice cave
 22834 | IceCv    | Reached skill level 11 in Armour
 22956 | IceCv    | Noticed a frost giant
 22971 | IceCv    | Killed a frost giant
 23074 | IceCv    | You pick up a book of the Tundra and begin reading...
 23074 | IceCv    | You add the spells Hailstorm and Ice Form to your library.
 23263 | D:13     | Found a gate to the Vaults.
 23342 | D:13     | Reached skill level 19 in Long Blades
 23620 | D:13     | Reached skill level 12 in Armour
 24362 | Orc:1    | Entered Level 1 of the Orcish Mines
 24457 | Orc:1    | Received a gift from Okawaru
 24710 | Orc:1    | Reached skill level 13 in Armour
 25155 | Orc:2    | Entered Level 2 of the Orcish Mines
 25155 | Orc:2    | Found a staircase to the Elven Halls.
 25230 | Orc:2    | Found Vimusuv's Antique Weapon Boutique.
 25593 | Orc:2    | Found Zyrghix's General Store.
 25599 | Orc:2    | Found Byowys's General Store.
 25623 | Orc:2    | Received a gift from Okawaru
 25780 | Orc:2    | Reached skill level 14 in Armour
 25938 | Orc:2    | Paralysed by an orc sorcerer for 4 turns
 25978 | Orc:2    | Gained mutation: You are mostly covered in icy blue scales.
                  | (AC +3) [demonic ancestry]
 25978 | Orc:2    | Reached XP level 16. HP: 121/122 MP: 0/25
 25987 | Orc:2    | Found Ogairu's Antique Armour Boutique.
 25987 | Orc:2    | Found Puafoher's Book Shop.
 25987 | Orc:2    | Found a one-way gate leading to the halls of Pandemonium.
 26664 | D:12     | Lost mutation: Your flesh is cold resistant. (rC+) [potion
                  | of mutation]
 26664 | D:12     | Gained mutation: You are dopey. (Int -2) [potion of
                  | mutation]
 26664 | D:12     | Lost mutation: You are dopey. (Int -2) [potion of mutation]
 26664 | D:12     | Gained mutation: You sometimes lose the ability to read
                  | scrolls when taking damage. [potion of mutation]
 26664 | D:12     | Gained mutation: Your spells are a little harder to cast,
                  | but a little more powerful. [potion of mutation]
 26665 | D:12     | Lost mutation: Your spells are a little harder to cast, but
                  | a little more powerful. [potion of mutation]
 26665 | D:12     | Lost mutation: You sometimes lose the ability to read
                  | scrolls when taking damage. [potion of mutation]
 26665 | D:12     | Gained mutation: Your magical capacity is low. (-10% MP)
                  | [potion of mutation]
 26665 | D:12     | Gained mutation: You have a somewhat thin skeletal
                  | structure. (Dex +2, Stealth+) [potion of mutation]
 26665 | D:12     | Gained mutation: You are weak. (Str -2) [potion of
                  | mutation]
 26665 | D:12     | Gained mutation: Your system is resistant to poisons.
                  | (rPois) [potion of mutation]
 26943 | D:14     | Reached skill level 15 in Armour
 27039 | D:14     | Reached skill level 20 in Long Blades
 27572 | D:15     | Entered Level 15 of the Dungeon
 27773 | D:15     | Identified the +7 long sword of Plog {vamp, rC+} (Okawaru
                  | gifted it to you on level 15 of the Dungeon)
 27773 | D:15     | Received a gift from Okawaru
 27879 | D:15     | Found a staircase to the Depths.
 28147 | D:15     | Reached skill level 21 in Long Blades
 28445 | D:15     | Found Pokou's Weapon Shop.
 28935 | D:15     | Found Puguji's Distillery.
 28943 | D:15     | Bought a potion of haste for 150 gold pieces
 28943 | D:15     | Bought a potion of heal wounds for 75 gold pieces
 28943 | D:15     | Bought a potion of mutation for 120 gold pieces
 28943 | D:15     | Bought a potion of ambrosia for 120 gold pieces
 28943 | D:15     | Bought a potion of lignification for 45 gold pieces
 28943 | D:15     | Bought a potion of curing for 45 gold pieces
 28943 | D:15     | Bought a potion of haste for 150 gold pieces
 28943 | D:15     | Lost mutation: You are weak. (Str -2) [potion of mutation]
 28943 | D:15     | Lost mutation: Your system is resistant to poisons. (rPois)
                  | [potion of mutation]
 28943 | D:15     | Gained mutation: Your body sometimes deteriorates upon
                  | taking damage. [potion of mutation]
 29035 | D:13     | the +5 plate armour "Kiashrin" {Dex+5}; a +3 triple sword
                  | of electrocution {rare}; a +1 triple sword of draining
                  | {rare}
 29245 | Shoals:1 | Entered Level 1 of the Shoals
 29278 | Shoals:1 | Received a gift from Okawaru
 29281 | Shoals:1 | U - a +3 triple sword of distortion {!wrare}
 29723 | Shoals:4 | Entered Level 4 of the Shoals
 30070 | Shoals:4 | Identified the +6 scale mail of the Morning {+Blink Will-
                  | MP-9 Str+8} (Okawaru gifted it to you on level 4 of the
                  | Shoals)
 30070 | Shoals:4 | Received a gift from Okawaru
 30307 | Shoals:4 | Hit: V) +8 triple sword of Cost {flame, +Blink rElec rC-
                  | Dex+4, rare}
 30307 | Shoals:4 | Hit: V) +8 triple sword of Cost {flame, +Blink rElec rC-
                  | Dex+4, rare}
 30307 | Shoals:4 | HP: 26/122 [merfolk aquamancer/shard of ice (35)]
 30307 | Shoals:4 | HP: 7/122 [merfolk impaler/+5 demon trident of
                  | electrocution (19)]
 30449 | Shoals:4 | Reached skill level 22 in Long Blades
 30449 | Shoals:4 | Reached XP level 17. HP: 112/128 MP: 0/23
 30460 | Shoals:4 | You drop a +3 triple sword of distortion {!wrare}.
 30515 | Shoals:4 | Identified the +5 dire flail of Veolau {venom, MP+9}
 30515 | Shoals:4 | Identified the +0 ring mail of the Midnight Sun {Str+5}
 30528 | Shoals:4 | HP: 27/128 [sea snake (15)]
 30533 | Shoals:4 | HP: 31/128 [poisoned by a sea snake]
 30543 | Shoals:4 | +0 storm dragon scales {rare}; a storm dragon corpse; a sea
                  | snake corpse
 30543 | Shoals:4 | HP: 32/128 [snapping turtle (11)]
 30551 | Shoals:4 | C - +0 storm dragon scales {rare}
 30553 | Shoals:4 | You drop +0 storm dragon scales {rare}.
 30686 | Shoals:4 | Got a barnacled rune of Zot
 30688 | Shoals:4 | You add the spells Inner Flame and Enfeeble to your
                  | library.
 30688 | Shoals:4 | Got Sif Muna's Guide on Lethal Curses
 31124 | Elf:1    | Entered Level 1 of the Elven Halls
 31269 | Elf:1    | Found Zuixugeqext's Magic Scroll Emporium.
 31272 | Elf:1    | Found Xywkinoe's General Store.
 31272 | Elf:1    | Found Sahyomibb's General Store.
 31287 | Elf:1    | Found Zetu's Distillery.
 31311 | Elf:1    | HP: 30/129 [deep elf archer/arrow (26)]
 31321 | Elf:1    | HP: 31/129 [deep elf archer/arrow (2)]
 31335 | Elf:1    | Bought a potion of mutation for 136 gold pieces
 31335 | Elf:1    | Bought a potion of mutation for 136 gold pieces
 31341 | Elf:1    | Bought a scroll of acquirement for 728 gold pieces
 31352 | Elf:1    | Acquired the ring of Royalty {Wiz rC+++ Will+}
 31359 | Elf:1    | Lost mutation: Your magical capacity is low. (-10% MP)
                  | [potion of mutation]
 31359 | Elf:1    | Lost mutation: You have a somewhat thin skeletal structure.
                  | (Dex +2, Stealth+) [potion of mutation]
 31359 | Elf:1    | Lost mutation: Your body sometimes deteriorates upon taking
                  | damage. [potion of mutation]
 31359 | Elf:1    | Gained mutation: You do not regenerate when monsters are
                  | visible. [potion of mutation]
 31359 | Elf:1    | Gained mutation: You have sharp toenails. [potion of
                  | mutation]
 31359 | Elf:1    | Gained mutation: You expend magic power (3 MP) to
                  | strengthen your wands. [potion of mutation]
 31360 | Elf:1    | Lost mutation: You do not regenerate when monsters are
                  | visible. [potion of mutation]
 31360 | Elf:1    | Lost mutation: You expend magic power (3 MP) to strengthen
                  | your wands. [potion of mutation]
 31360 | Elf:1    | Gained mutation: You expend magic power (3 MP) to
                  | strengthen your wands. [potion of mutation]
 31360 | Elf:1    | Gained mutation: You tend to lose your temper in combat.
                  | [potion of mutation]
 32491 | Elf:1    | Reached skill level 13 in Invocations
 32506 | Elf:1    | You add the spells Magic Dart, Foxfire, Conjure Ball
                  | Lightning and Orb of Destruction to your library.
 32506 | Elf:1    | Got the Volume of Battle Magic
 33085 | Elf:2    | Found a runed translucent gate.
 33085 | Elf:2    | Found a runed translucent gate.
 33085 | Elf:2    | Found a runed translucent gate.
 33359 | Elf:2    | Reached skill level 11 in Fighting
 33433 | Elf:2    | HP: 22/131 [+0 dire flail of protection (18)]
 33775 | Elf:2    | Paralysed by an air elemental for 1 turns
 33780 | Elf:2    | Identified the +4 swamp dragon scales "Upruq" {rPois Int+2}
                  | (Okawaru gifted it to you on level 2 of the Elven Halls)
 33780 | Elf:2    | Received a gift from Okawaru
 33785 | Elf:2    | Reached skill level 11 in Dodging
 33941 | Elf:2    | You pick up a book of Alchemy and begin reading...
 33941 | Elf:2    | You add the spells Sublimation of Blood, Petrify and
                  | Irradiate to your library.
 34209 | Elf:2    | Reached skill level 14 in Invocations
 34393 | Elf:2    | a +1 eveningstar of flaming {rare}; a +0 scimitar; an elf
                  | corpse
 34626 | Elf:2    | a +6 triple sword of draining {rare}; a +0 dire flail of
                  | protection
 34664 | Elf:2    | Noticed a deep elf blademaster
 34673 | Elf:2    | Killed a deep elf blademaster
 34841 | Elf:2    | a +6 triple sword of draining {rare}; a +0 dire flail of
                  | protection
 34914 | Elf:3    | Entered Level 3 of the Elven Halls
 34930 | Elf:3    | Paralysed by a floating eye for 4 turns
 34930 | Elf:3    | Found Adearuy's Elven Fire.
 34945 | Elf:3    | Noticed Donald
 34946 | Elf:3    | Reached skill level 12 in Fighting
 34989 | Elf:3    | Identified the +0 cloak of Kaliq {Int+4 Dex+5} (Okawaru
                  | gifted it to you on level 3 of the Elven Halls)
 34989 | Elf:3    | Received a gift from Okawaru
 35009 | Elf:3    | Killed Donald
 35048 | Elf:3    | Gained mutation: You punish those that try to bend your
                  | will. (Will+) [demonic ancestry]
 35048 | Elf:3    | Reached XP level 18. HP: 140/140 MP: 0/29
 35109 | Elf:3    | Found a flickering gateway to a bazaar.
 35115 | Bazaar   | Entered a bazaar
 35120 | Bazaar   | Found Cediluaz's Jewellery Shop.
 35124 | Bazaar   | Found Xyumm's Antique Armour Shop.
 35182 | Bazaar   | Bought the ring "Hurra" {rPois rN+} for 405 gold pieces
 35211 | Elf:3    | Found an ancient bone altar of Kikubaaqudgha.
 35347 | Elf:3    | Reached skill level 15 in Invocations
 35371 | Elf:3    | Noticed an Ice Fiend
 35371 | Elf:3    | Paralysed by an air elemental for 1 turns
 35374 | Elf:3    | Reached skill level 12 in Dodging
 35441 | Elf:3    | Killed from afar by a deep elf annihilator

Vanquished Creatures
  2 deep elf blademasters
  Frances (Arena)
  A deep elf master archer (Elf:3)
  Donald (Elf:3)
  A storm dragon (Shoals:4)
  A frost giant (IceCv)
  7 deep elf sorcerers (Elf:3)
  3 deep elf annihilators
  4 deep elf demonologists
  3 dire elephants (Lair:6)
  5 merfolk impalers
  Josephine (D:13)
  3 merfolk javelineers
  2 deep elf death magi (Elf:3)
  8 hydras
  A yaktaur captain (D:12)
  Fannar (Arena)
  6 boulder beetles
  A merfolk avatar (Shoals:4)
  2 demonspawn (Orc:2)
  A rakshasa (D:13)
  3 catoblepae
  8 two-headed ogres
  6 centaur warriors
  An ogre mage (D:12)
  24 dancing weapons
  2 tengu warriors
  4 merfolk aquamancers (Shoals:4)
  A death knight (D:12)
  5 death yaks
  6 orc high priests (Orc:2)
  13 deep elf knights
  The ghost of KristoblXynda the Fighter, a novice DrMo of Dithmenos (D:8)
  A sun demon (Orc:2)
  Sonja (Lair:4)
  6 skeletal warriors (D:15)
  Amaemon (Arena)
  2 spark wasp zombies (D:15)
  4 sea snakes
  A spectral anaconda (Lair:6)
  A swamp dragon (shapeshifter) (D:13)
  A sea snake (shapeshifter) (D:12)
  A tengu zombie (D:15)
  6 deep elf archers
  An obsidian statue (Lair:6)
  24 deep elf pyromancers
  A phantasmal warrior (D:15)
  18 orc knights
  4 necromancers
  28 deep elf zephyrmancers
  A faun (Shoals:2)
  10 manticores
  7 orc sorcerers (Orc:2)
  A cyclops (shapeshifter) (Elf:3)
  13 ugly things
  A merfolk siren (Shoals:2)
  A salamander (shapeshifter) (D:13)
  A moth of wrath (D:8)
  12 cyclopes
  11 elephants (Lair:6)
  An ice statue (IceCv)
  A rust devil (Orc:2)
  A dire elephant zombie (Lair:6)
  An orange demon (Lair:3)
  5 black mambas
  5 gargoyles
  5 water nymphs (Shoals:4)
  A cane toad (shapeshifter) (D:13)
  A dire elephant skeleton (Lair:6)
  16 cane toads
  12 rime drakes
  Maggie (Lair:1)
  14 komodo dragons
  6 kobold demonologists
  2 tengu conjurers (D:14)
  A guardian mummy (D:15)
  A spriggan skeleton (D:15)
  A freezing wraith (D:12)
  17 merfolk
  6 polar bears
  A troll (shapeshifter) (D:15)
  A meliai (D:12)
  A red devil (Orc:2)
  5 slime creatures
  14 trolls
  9 wind drakes
  3 snapping turtles (Shoals:4)
  2 hornets
  Prince Ribbit (D:5)
  19 blink frogs
  A spectral elephant (Lair:6)
  A culicivora (D:15)
  12 water elementals
  4 air elementals
  7 dream sheep (Lair:4)
  A ynoxinul (Orc:2)
  Sigmund (D:6)
  6 wyverns
  6 wraiths
  46 yaks
  Eustachio (D:6)
  2 vampires
  3 fire elementals
  3 basilisks
  A chaos spawn (Orc:2)
  A death yak simulacrum (Lair:6)
  4 redbacks (D:15)
  9 vampire mosquitoes
  Edmund (D:5)
  Menkaure (D:7)
  2 spectral cane toads (Lair:6)
  5 wargs
  3 acid dragons
  13 water moccasins
  A floating eye (shapeshifter) (Elf:3)
  6 ice beasts
  60 orc warriors
  6 black bears
  5 ogres
  25 wolves
  A boggart (D:12)
  2 elephant skeletons (Lair:6)
  9 centaurs
  5 kobold brigands
  Blork the orc (D:5)
  15 bullfrogs
  2 gnoll sergeants (D:12)
  2 necrophages
  A scorpion (D:6)
  3 earth elementals
  5 cane toad simulacra (Lair:6)
  5 wights (D:9)
  16 killer bees
  An elephant simulacrum (Lair:6)
  4 howler monkeys
  7 electric eels
  A jelly (D:4)
  34 orc priests
  7 hounds
  23 orc wizards
  3 iguanas (D:5)
  A gnoll (Bailey)
  4 adders
  4 white imps
  An ufetubus (D:5)
  2 worms
  A dart slug (D:2)
  93 orcs
  3 bats
  5 endoplasms
  2 giant cockroaches
  7 goblins
  8 hobgoblins
  3 jackals (D:5)
  6 quokkas
  A ball python (D:4)
  4 frilled lizards
  33 kobolds
  4 rats
1008 creatures vanquished.

Vanquished Creatures (others)
  19 fungi
  75 plants
  25 withered plants
119 creatures vanquished.

Grand Total: 1127 creatures vanquished

Table legend:
 A = Non-vault XP
 B = Vault XP
 C = Vault XP percentage of total XP
 D = Non-vault monster count
 E = Vault monster count
 F = Vault count percentage of total count
                 A         B        C        D         E       F
            +---------+---------+-------+---------+---------+-------
      Total |  162696 |  148052 |  47.6 |     643 |     365 |  36.2
            +---------+---------+-------+---------+---------+-------
        D:2 |      36 |       0 |   0.0 |      18 |       0 |   0.0
        D:3 |     160 |       0 |   0.0 |      26 |       0 |   0.0
        D:4 |     227 |       4 |   1.7 |      13 |       2 |  13.3
        D:5 |     954 |     523 |  35.4 |      20 |       3 |  13.0
        D:6 |     498 |     556 |  52.8 |       7 |       4 |  36.4
        D:7 |     357 |     165 |  31.6 |      10 |       1 |   9.1
        D:8 |    2150 |    2506 |  53.8 |      18 |      14 |  43.8
        D:9 |    2485 |       0 |   0.0 |      20 |       0 |   0.0
       D:10 |    1655 |       0 |   0.0 |      23 |       0 |   0.0
       D:11 |    6164 |     235 |   3.7 |      37 |       2 |   5.1
       D:12 |    6768 |   16036 |  70.3 |      22 |      36 |  62.1
       D:13 |    6287 |    3629 |  36.6 |      16 |       9 |  36.0
       D:14 |    9088 |       0 |   0.0 |      15 |       0 |   0.0
       D:15 |   17372 |    5715 |  24.8 |      44 |      12 |  21.4
     Lair:1 |    5597 |     389 |   6.5 |      26 |       1 |   3.7
     Lair:2 |    5792 |     722 |  11.1 |      23 |       2 |   8.0
     Lair:3 |    9191 |     433 |   4.5 |      34 |       1 |   2.9
     Lair:4 |    9447 |    2648 |  21.9 |      35 |       7 |  16.7
     Lair:5 |    3980 |      93 |   2.3 |      11 |       1 |   8.3
     Lair:6 |    6406 |   12122 |  65.4 |      19 |      29 |  60.4
   Shoals:1 |    3369 |       0 |   0.0 |       6 |       0 |   0.0
   Shoals:2 |    2529 |       0 |   0.0 |       6 |       0 |   0.0
   Shoals:3 |    3922 |       0 |   0.0 |       9 |       0 |   0.0
   Shoals:4 |    7734 |   14892 |  65.8 |      18 |      31 |  63.3
      Orc:1 |    4778 |    5568 |  53.8 |      49 |      25 |  33.8
      Orc:2 |    6390 |   16456 |  72.0 |      53 |      62 |  53.9
      Elf:1 |   12887 |    6382 |  33.1 |      20 |      10 |  33.3
      Elf:2 |   16080 |   23510 |  59.4 |      27 |      30 |  52.6
      Elf:3 |   10393 |   19119 |  64.8 |      18 |      18 |  50.0
     Bailey |       0 |    1250 | 100.0 |       0 |      27 | 100.0
      IceCv |       0 |   11910 | 100.0 |       0 |      35 | 100.0
      Arena |       0 |    3189 | 100.0 |       0 |       3 | 100.0
            +---------+---------+-------+---------+---------+-------

Illustrated notes

Table legend:
 A = Kills in this place as a percentage of kills in entire the game.
 B = Kills by you in this place as a percentage of kills by you in the entire game.
 C = Kills by friends in this place as a percentage of kills by friends in the entire game.
 D = Other kills in this place as a percentage of other kills in the entire game.
 E = Experience gained in this place as a percentage of experience gained in the entire game.
 F = Experience gained in this place divided by the number of levels of this place that you have seen.
                   A       B       C       D       E      F
               +-------+-------+-------+-------+-------+----------------------
         Total | 100.0 | 100.0 |   N/A | 100.0 | 100.0 | 8631.9
       Dungeon |  36.9 |  37.1 |   N/A |   0.0 |  26.9 | 5969.3
          Lair |  18.8 |  18.8 |   N/A |   0.0 |  18.3 | 9470.0
        Shoals |   6.9 |   7.0 |   N/A |   0.0 |  10.4 | 8111.5
  Orcish Mines |  18.8 |  18.4 |   N/A | 100.0 |  10.7 | 16596.0
   Elven Halls |  12.2 |  12.3 |   N/A |   0.0 |  28.4 | 29457.0
        Bailey |   2.7 |   2.7 |   N/A |   0.0 |   0.4 | 1250.0
      Ice Cave |   3.5 |   3.5 |   N/A |   0.0 |   3.8 | 11910.0
         Arena |   0.3 |   0.3 |   N/A |   0.0 |   1.0 | 1063.0
               +-------+-------+-------+-------+-------+----------------------

Table legend: (Time is in decaauts)
 A = Elapsed time spent in this place.
 B = Non-inter-level travel time spent in this place.
 C = Inter-level travel time spent in this place.
 D = Time resting spent in this place.
 E = Time spent auto-exploring this place.
 F = Levels seen in this place.
 G = Mean time per level.
                   A        B        C        D        E       F      G
               +--------+--------+--------+--------+--------+-----+--------+
         Total |  35004 |  33307 |   1697 |   3677 |  22469 |  36 |  972.3 |
       Dungeon |  17558 |  16503 |   1055 |   2706 |  10749 |  14 | 1254.1 |
        Temple |    367 |    305 |     62 |      0 |    280 |   1 |  367.0 |
          Lair |   7642 |   7265 |    377 |      0 |   6151 |   6 | 1273.7 |
        Shoals |   1646 |   1646 |      0 |    352 |    527 |   4 |  411.5 |
  Orcish Mines |   2264 |   2189 |     75 |      5 |   1546 |   2 | 1132.0 |
   Elven Halls |   4239 |   4114 |    125 |    584 |   2603 |   3 | 1413.0 |
        Bazaar |     85 |     85 |      0 |      0 |      0 |   1 |   85.0 |
        Bailey |    420 |    420 |      0 |      0 |    203 |   1 |  420.0 |
      Ice Cave |    699 |    699 |      0 |      0 |    408 |   1 |  699.0 |
         Arena |     78 |     78 |      0 |     29 |      0 |   3 |   26.0 |
               +--------+--------+--------+--------+--------+-----+--------+

Top non-repeatable levels by time:
   Elf:2: 1912 daAuts
   Elf:1: 1896 daAuts
     D:5: 1876 daAuts
  Lair:6: 1839 daAuts
     D:3: 1766 daAuts
     D:8: 1594 daAuts
    D:12: 1523 daAuts
   Orc:2: 1433 daAuts
  Lair:4: 1428 daAuts
    D:15: 1390 daAuts
     D:4: 1322 daAuts
     D:7: 1287 daAuts
    D:13: 1229 daAuts
  Lair:5: 1203 daAuts
  Lair:2: 1180 daAuts
